 Dungeon Crawl Stone Soup version 0.31-a0-221-gbddc013574 (webtiles) character file.

Game seed: 17279118012495269791

84 qw the Shooter (level 4, 0/27 HPs)
             Began as a Gargoyle Hexslinger on July 3, 2023.
             Slain by an orc wizard
             ... wielding a +0 dagger
              (4 damage)
             ... on level 3 of the Dungeon.
             The game lasted 00:00:45 (1238 turns).

qw the Shooter (Gargoyle Hexslinger)                Turns: 1238, Time: 00:00:45

Health: 0/27       AC:  5    Str: 12    XL:     4   Next: 46%
Magic:  5/5        EV: 12    Int: 13    God:
Gold:   80         SH:  0    Dex: 14    Spells: 4/5 levels left

rFire   . . .        Y - +1 sling
rCold   . . .        (no shield)
rNeg    + . .        c - +0 robe
rPois   inf          (no helmet)
rElec   +            (no cloak)
rCorr   .            (no gloves)
SInv    .            (no boots)
Will    .....        (no amulet)
Stlth   +            (no ring)
HPRegen 0.24/turn    (no ring)
MPRegen 0.09/turn

%: no passive effects
@: no status effects
A: sickness immunity, AC +3, negative energy resistance 1, electricity
resistance, torment resistance 1, petrification resistance
a: no special abilities


You were on level 3 of the Dungeon.
You visited 1 branch of the dungeon, and saw 3 of its levels.

You collected 80 gold pieces.


Innate Abilities, Weirdness & Mutations

You are immune to sickness and miasma.
Your stone body is resilient. (AC +3)
You are immune to poison.
You resist negative energy. (rN+)
You are resistant to electric shocks. (rElec)
You are resistant to unholy torment.
You are immune to petrification.


   Skills:
 - Level 2.3 Fighting
 + Level 4.1 Ranged Weapons
 - Level 1.5 Dodging
 - Level 1.0 Spellcasting
 - Level 2.6 Hexes


You had 4 spell levels left.
You knew the following spells:

 Your Spells              Type           Power      Damage    Failure   Level
a - Slow                  Hex            28%        N/A       10%         1

Your spell library contained the following spells:

 Spells                   Type           Power      Damage    Failure   Level
 Inner Flame              Hex/Fire       4%         N/A       43%         3
 Portal Projectile        Hex/Tloc       8%         N/A       43%         3
 Cause Fear               Hex            3%         N/A       67%         4

Inventory:

Hand Weapons
 Y - a +1 sling (weapon)
Armour
 c - a +0 robe (worn)
Scrolls
 b - 2 scrolls of identify
Potions
 e - a potion of curing {unknown}
 f - a potion of might {unknown}
 g - a potion of heal wounds
 h - a potion of brilliance {unknown}

Dungeon Overview and Level Annotations

Branches:
Dungeon (3/15)

Altars:


Message History

The orc hits you with a +0 short sword. Something hits you.
You shoot a sling bullet.
The sling bullet hits the orc but does no damage.
The orc hits you but does no damage. Something hits you.
The orc hits you with a +0 short sword. Something hits you but does no damage.
1225 ||| DRINKING 2 potions of heal wounds.
You feel much better. The orc closely misses you.
Something hits you but does no damage.
You shoot a sling bullet. The sling bullet barely misses the orc.
The orc closely misses you. Something hits you.
You shoot a sling bullet. The sling bullet barely misses the orc.
Something hits you but does no damage. The orc hits you with a +0 short sword.
You shoot a sling bullet. The sling bullet hits the orc.
You kill the orc!
Something hits you.
You shoot a sling bullet.
You hear some strange, mumbled words.
Something tries to affect you, but you resist.
You shoot a sling bullet. Something hits you but does no damage.
You hear some strange, mumbled words.
You are confused.
You shoot a sling bullet. Something hits you.
You shoot a sling bullet. Something hits you.
You shoot a sling bullet. Something hits you.
You shoot a sling bullet. Something hits you but does no damage.
You shoot a sling bullet.
You feel less confused. Something hits you. x2
You shoot a sling bullet. Something hits you.
You shoot a sling bullet. Something hits you but does no damage.
You shoot a sling bullet. Something hits you.
You die...

.. #.# .# ########.# .#
........##.# .#
#.......#.#.# ...
##...###...#.# #..
###....#(#...#.# ##..)
#.....)###...#.#
......#.##..{@.%...#.######
#......##..)..##.........#
......).#########.....#.#.#
.#.###..# ##........## ..
##.. #####....#.#..# #.#
..............# #.#
#####...#.....# ...
.#......#....## #..
........#....#


There were no monsters in sight!

Vanquished Creatures
  3 adders (D:2)
  2 worms (D:2)
  A dart slug (D:1)
  4 orcs (D:3)
  11 bats
  7 endoplasms
  2 giant cockroaches (D:2)
  4 hobgoblins
  2 quokkas
  5 ball pythons
  A goblin (D:2)
  4 kobolds
  A rat (D:1)
47 creatures vanquished.

Notes
Turn   | Place    | Note
-------+----------+-------------------------------------------
     0 | D:1      | qw the Gargoyle Hexslinger began the quest for the Orb.
     0 | D:1      | Reached XP level 1. HP: 12/12 MP: 2/2
     0 | D:1      | 0 ||| qw: Version: 0.3-a-40-ge99b1a8
     0 | D:1      | 0 ||| qw: Game counter: 531
     0 | D:1      | 0 ||| qw: Melee chars always use a shield: true
     0 | D:1      | 0 ||| qw: God list: Okawaru
     0 | D:1      | 0 ||| qw: Allow faded altars: false
     0 | D:1      | 0 ||| qw: Do Orc after clearing Dungeon:15 true
     0 | D:1      | 0 ||| qw: Do second Lair branch before Depths: true
     0 | D:1      | 0 ||| qw: Lair rune preference: random
     0 | D:1      | 0 ||| qw: Goals: Normal
     0 | D:1      | 0 ||| PLANNING D:1-11
   115 | D:1      | Reached XP level 2. HP: 16/16 MP: 3/3
   209 | D:1      | Reached skill level 3 in Ranged Weapons
   416 | D:1      | 416 ||| READING scroll labelled PANIUCS JOOWNI.
   417 | D:1      | 417 ||| READING scroll labelled WUGIMM WUES.
   421 | D:1      | 421 ||| READING scroll labelled AJYMIUC WUET.
   422 | D:1      | 422 ||| DROPPING scroll of poison.
   538 | D:2      | Reached XP level 3. HP: 21/21 MP: 4/4
   885 | D:2      | Reached XP level 4. HP: 27/27 MP: 5/5
   974 | D:2      | 974 ||| DROPPING scarf of shadows.
   975 | D:2      | 975 ||| READING scroll labelled WETSIJ TAIPP.
  1076 | D:2      | 1076 ||| READING scroll labelled JOENYI NEDEISS.
  1077 | D:2      | 1077 ||| DRINKING 3 dark potions.
  1095 | D:3      | 1095 ||| STAIRDANCE
  1201 | D:3      | Reached skill level 4 in Ranged Weapons
  1208 | D:3      | 1208 ||| FLEEEEING.
  1209 | D:3      | 1209 ||| FLEEEEING.
  1210 | D:3      | 1210 ||| FLEEEEING.
  1211 | D:3      | 1211 ||| FLEEEEING.
  1212 | D:3      | 1212 ||| FLEEEEING.
  1214 | D:3      | 1214 ||| FLEEEEING.
  1224 | D:3      | HP: 6/27 [something (2)]
  1224 | D:3      | HP: 1/27 [orc/+0 short sword (5)]
  1225 | D:3      | 1225 ||| DRINKING 2 potions of heal wounds.
  1235 | D:3      | HP: 5/27 [something (3)]
  1238 | D:3      | Slain by an orc wizard

Levels and vault maps discovered:
D:1:      minmay_arrival_semitransparent, layout_rooms
D:2:      layout_basic
D:3:      layout_rooms, serial_glass, glass_columns_c, glass_columns_b,
          glass_columns_c, glass_columns_a, glass_columns_a, glass_columns_a,
          glass_columns_a, glass_columns_a, glass_columns_b, glass_columns_a,
          due_unseen_surprise, item_on_display_a, minmay_strange_pillars,
          eino_tiny_chamber, uniq_grinder

Skill      XL: |  1  2  3  4 |
---------------+-------------+-----
Ranged Weapons | 3 4 |  4.1
Fighting       | 2 |  2.3
Dodging        | |  1.5
Spellcasting   | |  1.0
Hexes          | |  2.6

Action                     |  1- 3 |  4- 6 || total
---------------------------+-------+-------++-------
   Fire: Sling             |   124 |    64 ||   188
    Use: Scroll            |     3 |     2 ||     5
         Potion            |       |     2 ||     2
 Armour: Robe              |    24 |    19 ||    43
  Dodge: Dodged            |    44 |    21 ||    65

Table legend:
 A = Non-vault XP
 B = Vault XP
 C = Vault XP percentage of total XP
 D = Non-vault monster count
 E = Vault monster count
 F = Vault count percentage of total count
                 A         B        C        D         E       F
            +---------+---------+-------+---------+---------+-------
      Total |     121 |       0 |   0.0 |      47 |       0 |   0.0
            +---------+---------+-------+---------+---------+-------
        D:1 |      29 |       0 |   0.0 |      19 |       0 |   0.0
        D:2 |      71 |       0 |   0.0 |      19 |       0 |   0.0
        D:3 |      21 |       0 |   0.0 |       9 |       0 |   0.0
            +---------+---------+-------+---------+---------+-------
